Map: Deathaura LE

Players

Serral - Winner!

  • Race: Zerg Zerg
  • Spawn Location: 5:00

DRG

  • Race: Zerg Zerg
  • Spawn Location: 11:00

Event: ASUS ROG Online 2020

VOD

Have the link to the VOD?

Description

Time

  • Played on: Nov. 28, 2020, 12:40 p.m.
  • Length: 9:43

All games in this series

Show
View Real Time Build Order
Export as new Build Order

Serral Zerg - Winner!

Build Orders: Hatch First 

Get SALT Encoding   

  12  0:00  Drone  
  13  0:12  Overlord  
  13  0:16  Drone  
  14  0:30  Drone x2  
  16  0:47  Hatchery  
  15  0:51  Drone  
  15  0:54  Drone  
  17  0:58  Drone  
  18  1:09  Extractor  
  17  1:12  Spawning Pool  
  17  1:16  Drone  
  17  1:19  Drone  
  18  1:28  Drone  
  19  1:39  Drone  
  20  1:55  Drone  
  20  1:59  Queen x2  
  20  2:00  Zergling x2, Overlord  
  26  2:09  Metabolic Boost  
  26  2:10  Drone  
  26  2:11  Drone  
  28  2:20  Drone  
  28  2:21  Drone  
  30  2:32  Hatchery  
  30  2:35  Drone  
  30  2:37  Drone  
  30  2:43  Queen  
  33  2:51  Baneling Nest  
  33  2:53  Overlord  
  33  2:55  Zergling x2  
  33  2:58  Drone  
  34  3:01  Drone  
  34  3:04  Drone  
  36  3:11  Drone x3  
  39  3:14  Overlord  
  39  3:18  Zergling x4  
  41  3:21  Drone  
  41  3:24  Zergling x2  
  43  3:28  Evolution Chamber  
  43  3:30  Drone  
  43  3:31  Drone  
  44  3:35  Baneling  
  44  3:39  Drone x3  
  44  3:40  Drone  
  48  3:45  Drone x2  
  50  3:50  Lair  
  50  3:53  Extractor, Overlord  
  50  3:54  Drone  
  50  3:57  Drone x2  
  50  4:01  Drone x2  
  54  4:05  Drone  
  54  4:08  Extractor  
  54  4:09  Roach Warren  
  53  4:12  Zerg Missile Weapons Level 1  
  53  4:15  Drone x2  
  53  4:16  Drone  
  56  4:19  Drone x2  
  56  4:21  Drone  
  56  4:23  Drone  
  59  4:24  Drone  
  59  4:27  Drone  
  59  4:28  Extractor  
  59  4:29  Drone x2  
  62  4:33  Overlord  
  62  4:37  Overlord  
  62  4:38  Drone  
  63  4:43  Overlord  
  63  4:45  Drone x2  
  63  4:47  Drone  
  63  4:49  Extractor x2  
  63  4:51  Spire  
  63  4:54  Drone  
  63  4:55  Drone x2  
  63  4:57  Drone  
  63  4:58  Drone  
  68  5:01  Drone x3  
  68  5:06  Glial Reconstitution  
  71  5:07  Drone x2  
  71  5:10  Overseer  
  71  5:13  Drone x3  
  75  5:15  Drone  
  75  5:16  Baneling  
  75  5:18  Roach  
  78  5:22  Roach x2  
  78  5:25  Roach  
  84  5:28  Overlord x2  
  84  5:31  Roach  
  84  5:32  Roach  
  88  5:36  Baneling  
  88  5:47  Overlord  
  88  5:49  Roach x2  
  94  5:50  Roach  
  94  5:55  Roach  
  94  5:56  Roach x2, Hatchery  
  97  6:00  Overlord  
  97  6:16  Corruptor x6  
  106  6:23  Corruptor x2  
  108  6:30  Overlord x3  
  108  6:33  Corruptor  
  108  6:39  Zergling x2  
  111  6:40  Zerg Flyer Armor Level 1  
  111  6:46  Overlord  
  111  6:48  Overlord, Queen x2  
  111  6:50  Corruptor  
  117  6:57  Corruptor x2  
  117  7:01  Baneling x2  
  117  7:08  Overlord  
  117  7:09  Drone x9  
  117  7:15  Queen  
  126  7:21  Corruptor x2, Spore Crawler  
  131  7:26  Corruptor  
  133  7:32  Extractor  
  133  7:34  Overlord, Burrow  
  133  7:36  Extractor, Drone x3  
  134  7:38  Spore Crawler  
  134  7:39  Drone x3  
  134  7:43  Roach x3  
  140  7:48  Overlord  
  140  7:49  Corruptor  
  140  7:50  Corruptor  
  144  7:54  Overlord  
  144  7:57  Corruptor  
  146  8:01  Roach x3  
  152  8:08  Corruptor  
  152  8:09  Corruptor x2  
  155  8:15  Roach x4  
  161  8:23  Corruptor x3  
  161  8:33  Corruptor x2  
  161  8:38  Roach x5  
  163  8:42  Roach x2  
  165  8:50  Roach x6  
  165  8:54  Roach  
  169  8:58  Roach  
  167  9:02  Corruptor  
  167  9:03  Corruptor x2  
  167  9:07  Roach  
  169  9:10  Roach  
  169  9:13  Roach x2  
  169  9:14  Roach x2  
  171  9:17  Roach  
  171  9:20  Roach  
Show
View Real Time Build Order
Export as new Build Order

DRG Zerg 

Build Orders: Hatch First 

Get SALT Encoding   

  12  0:00  Drone  
  13  0:11  Overlord  
  13  0:16  Drone  
  14  0:30  Drone x2  
  16  0:47  Hatchery  
  15  0:50  Drone  
  15  0:54  Drone  
  18  0:57  Drone  
  18  1:08  Extractor  
  17  1:12  Spawning Pool  
  17  1:16  Drone  
  17  1:18  Drone  
  18  1:28  Drone  
  19  1:38  Drone  
  20  1:52  Drone  
  21  1:59  Queen x2  
  21  2:00  Overlord  
  26  2:01  Drone  
  26  2:10  Drone x2  
  26  2:11  Metabolic Boost  
  28  2:21  Drone  
  28  2:22  Zergling x2  
  30  2:31  Hatchery  
  30  2:33  Drone  
  30  2:34  Drone  
  31  2:41  Overlord  
  31  2:43  Drone  
  32  2:52  Baneling Nest  
  32  2:53  Drone x2  
  33  3:04  Drone x2  
  35  3:06  Zergling x4  
  35  3:09  Drone x4  
  41  3:16  Queen  
  41  3:19  Overlord  
  43  3:21  Drone  
  43  3:25  Evolution Chamber  
  43  3:28  Drone  
  44  3:39  Drone  
  44  3:40  Drone x6  
  51  3:45  Zergling x2  
  51  3:46  Lair  
  52  3:53  Drone x2  
  54  3:56  Extractor  
  54  3:57  Extractor  
  54  3:58  Zerg Melee Weapons Level 1  
  54  4:01  Zergling x2, Drone  
  54  4:05  Overlord  
  54  4:06  Drone  
  55  4:10  Baneling  
  55  4:12  Drone  
  55  4:13  Drone  
  55  4:14  Drone  
  55  4:15  Overlord  
  58  4:17  Overlord  
  58  4:22  Overlord  
  58  4:25  Drone x5  
  58  4:26  Drone  
  64  4:37  Extractor, Drone  
  64  4:38  Drone x2  
  66  4:41  Extractor  
  66  4:42  Extractor  
  66  4:45  Spire  
  62  4:46  Drone x3  
  62  4:48  Drone x3  
  62  4:52  Drone x3  
  71  5:00  Zergling x4  
  71  5:04  Drone x4  
  77  5:13  Zergling x6  
  80  5:20  Overlord  
  80  5:23  Zergling x12  
  80  5:25  Overlord  
  80  5:28  Baneling x2  
  86  5:31  Overlord  
  86  5:32  Zergling x8, Hatchery  
  89  5:39  Overlord  
  89  5:46  Overlord  
  89  5:55  Overlord  
  87  5:58  Mutalisk x9  
  87  6:01  Overlord  
  99  6:11  Mutalisk x2  
  99  6:14  Zergling x6  
  98  6:19  Zerg Flyer Weapons Level 1, Mutalisk  
  98  6:22  Zergling x4  
  98  6:23  Overseer  
  99  6:25  Overseer  
  99  6:32  Mutalisk  
  101  6:35  Drone x6  
  107  6:41  Unknown  
  107  6:43  Mutalisk x2  
  107  6:44  Unknown  
  108  6:47  Zergling x4  
  108  6:48  Queen  
  108  6:52  Overlord x3  
  111  6:55  Mutalisk  
  111  6:57  Zergling x10  
  117  7:04  Mutalisk x2  
  117  7:05  Overlord  
  117  7:06  Drone x2  
  117  7:08  Spore Crawler  
  122  7:09  Mutalisk  
  122  7:13  Drone x2  
  126  7:18  Mutalisk  
  126  7:21  Mutalisk x2  
  126  7:22  Zergling x6  
  134  7:26  Mutalisk  
  136  7:31  Spine Crawler, Mutalisk x2  
  136  7:34  Zergling x8  
  136  7:36  Mutalisk  
  145  7:40  Overlord  
  145  7:44  Mutalisk x2  
  145  7:48  Zergling x10  
  154  7:53  Overlord  
  154  7:54  Overlord x2  
  154  7:57  Mutalisk  
  156  8:03  Mutalisk  
  156  8:04  Mutalisk x2  
  159  8:06  Zergling x2  
  159  8:12  Mutalisk x3  
  149  8:27  Mutalisk  
  149  8:28  Mutalisk x4  
  149  8:33  Mutalisk  
  156  8:36  Zergling x14  
  156  8:40  Mutalisk  
  155  8:50  Mutalisk x4  
  155  8:52  Zergling x8  
  155  9:00  Mutalisk  
  155  9:01  Mutalisk  
  149  9:05  Zergling x14  
  142  9:11  Mutalisk x3  
  143  9:17  Mutalisk x2  
  143  9:21  Zergling x8  
Tags
 
Add a new tag
Caveats
  • Supply blocks, unpowered buildings, or Contaminate may cause inaccurate times.
  • Supply counts are checked every 10 seconds.